 Seeded DCSS version 0.30.1-11-g7821555f0a (webtiles) character file.

Game seed: 5 (custom seed)

46 Kazon the Chopper (level 3, 0/28 HPs)
             Began as a Demonspawn Gladiator on Jan 8, 2024.
             Slain by a kobold
             ... wielding a +0 dagger
              (2 damage)
             ... on level 2 of the Dungeon.
             The game lasted 00:03:25 (842 turns).

Kazon the Chopper (Demonspawn Gladiator)             Turns: 842, Time: 00:03:25

Health: 0/28       AC:  4    Str: 16    XL:     3   Next: 46%
Magic:  3/3        EV:  8    Int: 13    God:
Gold:   78         SH: 10    Dex: 14    Spells: 2/2 levels left

rFire   . . .        f - +2 war axe of Etol {heavy, rN+ Int+4}
rCold   . . .        c - +0 tower shield
rNeg    + . .        b - +0 leather armour
rPois   .            (helmet restricted)
rElec   .            (no cloak)
rCorr   .            (no gloves)
SInv    .            (no boots)
Will    .....        (no amulet)
Stlth   +            (no ring)
HPRegen 0.24/turn    (no ring)
MPRegen 0.08/turn

%: no passive effects
@: no status effects
A: antennae 1, rugged brown scales 1
a: no special abilities


You were on level 2 of the Dungeon.
You visited 1 branch of the dungeon, and saw 2 of its levels.

You collected 78 gold pieces.

Inventory:

Hand Weapons
 a - a +0 war axe
 f - the +2 war axe of Etol (weapon) {heavy, rN+ Int+4}
   (You acquired it on level 1 of the Dungeon)

   Int:       It affects your intelligence (+4).
   rN:        It protects you from negative energy.
Missiles
 d - 3 throwing nets
 e - a javelin
 i - 2 stones (quivered)
 k - 3 boomerangs
Armour
 b - a +0 leather armour (worn)
 c - a +0 tower shield (worn)
Scrolls
 g - a scroll of fog {unknown}
Potions
 h - a potion of resistance {unknown}
 j - 2 potions of curing {unknown}
 m - a potion of magic {unknown}


   Skills:
 + Level 2.5 Fighting
 + Level 3.2 Axes
 + Level 1.8 Throwing
 + Level 0.2 Armour
 + Level 3.1 Dodging
 * Level 0.6 Stealth
 + Level 0.1 Shields


You had 2 spell levels left.
You didn't know any spells.
Your spell library was empty.

Dungeon Overview and Level Annotations

Branches:
Dungeon (2/15)

Altars:


Innate Abilities, Weirdness & Mutations

You have a pair of small antennae on your head.
You are partially covered in rugged brown scales. (AC +1, +3% HP)


Message History

You kill the ball python!
A goblin comes into view. It is wielding a +0 dagger.
You block the goblin's attack. The goblin barely misses you.
You barely miss the goblin. You slash the goblin!
You kill the goblin!
The goblin hits you with a +0 club.
* * * LOW HITPOINT WARNING * * *
You block the goblin's attack.
A frilled lizard comes into view.
You closely miss the goblin.
A kobold comes into view. It is wielding a +0 dagger.
The goblin barely misses you. The goblin hits you with a +0 club.
* * * LOW HITPOINT WARNING * * *
The goblin hits you but does no damage.
A hobgoblin comes into view.
The hobgoblin shouts!
You slice the goblin!!
You kill the goblin!
You closely miss the goblin.
The goblin hits you but does no damage. x2
You completely miss the goblin. You hit the frilled lizard.
You kill the frilled lizard!
The goblin hits you but does no damage. x2; You block the goblin's attack.
You block the kobold's attack.
Found 13 gold pieces.
The hobgoblin hits you.
* * * LOW HITPOINT WARNING * * *
You block the goblin's attack.
Things that are here:
a +0 club; a ball python corpse You closely miss the goblin.
You barely miss the kobold. You slash the hobgoblin!
You kill the hobgoblin!
The goblin hits you but does no damage. You block the kobold's attack.
The goblin hits you but does no damage. The kobold hits you with a +0 dagger.
* * * LOW HITPOINT WARNING * * *
You closely miss the kobold. You completely miss the goblin.
The goblin hits you with a +0 dagger.
* * * LOW HITPOINT WARNING * * *
You block the kobold's attack. You block the goblin's attack.
The kobold hits you with a +0 dagger.
You die...

############
####......<...#
...#..........#
..............#
...........$.
#..........
#....!...#####
#......@)#<..#
..####.gK###.#
#....†..#
#...#####
#.....
......###
.....## #+..##
.##


You could see a goblin and a kobold.

Vanquished Creatures
  An adder (D:2)
  2 bats (D:1)
  5 endoplasms (D:1)
  A giant cockroach (D:1)
  6 goblins
  2 hobgoblins
  7 jackals (D:1)
  A kobold (D:1)
  3 ball pythons
  2 frilled lizards
  A rat (D:1)
31 creatures vanquished.

Notes
Turn   | Place    | Note
-------+----------+-------------------------------------------
     0 | D:1      | Kazon the Demonspawn Gladiator began the quest for the Orb.
     0 | D:1      | Reached XP level 1. HP: 16/16 MP: 1/1
    50 | D:1      | Identified a scroll of acquirement
    50 | D:1      | Acquired the +2 war axe of Etol {heavy, rN+ Int+4}
    85 | D:1      | Gained mutation: You have a pair of small antennae on your
                  | head. [demonic ancestry]
    85 | D:1      | Reached XP level 2. HP: 16/23 MP: 2/2
   442 | D:1      | Gained mutation: You are partially covered in rugged brown
                  | scales. (AC +1, +3% HP) [demonic ancestry]
   442 | D:1      | Reached XP level 3. HP: 22/28 MP: 3/3
   842 | D:2      | Slain by a kobold

Illustrated notes

Levels and vault maps discovered:
D:1:      ebering_trefoil_3fold, layout_basic, st_stairs_14, serial_bayou_ford_a
D:2:      layout_basic, hangedman_decor_growths, minmay_close_crescents

Skill      XL: |  1  2 |
---------------+-------+-----
Dodging        | 3 |  3.1
Axes           | 3 |  3.2
Fighting       | |  2.5
Throwing       | |  1.8
Armour         | |  0.2
Stealth        | |  0.6
Shields        | |  0.1

Action                     || total
---------------------------++-------
  Melee: War axe           ||    78
    Use: Scroll            ||     2
 Armour: Leather armour    ||    39
  Dodge: Dodged            ||    49
  Block: Tower shield      ||    33
